 Dungeon Crawl Stone Soup version 0.28-a0-1412-gf95308ed99 (webtiles) character file.

Game seed: 10424560229976123726

46 Hasart the Caller (level 3, -2/19 HPs)
             Began as a Kobold Summoner on Jan 6, 2022.
             Slain by a goblin (3 damage)
             ... led by Robin
             ... on level 2 of the Dungeon.
             The game lasted 00:04:59 (3320 turns).

Hasart the Caller (Kobold Summoner)                 Turns: 3320, Time: 00:05:00

Health: -2/19      AC:  2    Str:  5    XL:     3   Next: 95%
Magic:  6/7        EV: 15    Int: 24    God:
Gold:   61         SH:  0    Dex: 15    Spells: 4/7 levels left

rFire   . . .      SeeInvis .   d - +0 short sword
rCold   . . .      Faith    .   (no shield)
rNeg    . . .      Spirit   .   a - +0 robe
rPois   .          Reflect  .   (no helmet)
rElec   .          Harm     .   (no cloak)
rCorr   .          Rampage  .   (no gloves)
Will    .....                   (no boots)
Stlth   +++.......              (no amulet)
HPRegen 0.06/turn               e - +6 ring of intelligence
MPRegen 0.10/turn               (no ring)

@: no status effects
A: small, no large weapons, nightstalker 3
a: no special abilities


You were on level 2 of the Dungeon.
You visited 1 branch of the dungeon, and saw 2 of its levels.

You collected 61 gold pieces.

Inventory:

Hand Weapons
 d - a +0 short sword (weapon)
Armour
 a - a +0 robe (worn)
Jewellery
 e - a +6 ring of intelligence (left hand)
 j - a +4 ring of protection
Scrolls
 c - a scroll of identify {unknown}
 f - a scroll of vulnerability {unknown}
 h - a scroll of summoning {unknown}
 k - a scroll of torment {unknown}
 m - a scroll of enchant armour {unknown}
 n - a scroll of immolation {unknown}
Potions
 b - 2 potions of curing {unknown}
 g - a potion of magic {unknown}
 i - a potion of lignification {unknown}
 l - 2 potions of invisibility {unknown}


   Skills:
 + Level 0.2 Fighting
 + Level 3.1 Dodging
 - Level 2.6 Stealth
 + Level 2.7 Spellcasting
 * Level 4.6 Summonings


You had 4 spell levels left.
You knew the following spells:

 Your Spells              Type           Power      Damage    Failure   Level
a - Call Imp              Summ           25%        N/A       2%          2
b - Summon Small Mammal   Summ           100%       N/A       1%          1

Your spell library contained the following spells:

 Spells                   Type           Power      Damage    Failure   Level
 Call Canine Familiar     Summ           25%        N/A       4%          3
 Summon Guardian Golem    Hex/Summ       14%        N/A       13%         3
 Inner Flame              Hex/Fire       3%         N/A       32%         3
 Summon Lightning Spire   Summ/Air       14%        N/A       38%         4
 Cause Fear               Hex            1%         N/A       73%         4
 Discord                  Hex            1%         N/A       100%        8


Dungeon Overview and Level Annotations

Branches:
Dungeon (2/15)

Altars:

Shops:
D:1 ?


Innate Abilities, Weirdness & Mutations

You are small and have problems with some larger weapons.
You are completely attuned to the shadows.


Message History

Attack!
A hobgoblin comes into view.
A goblin comes into view. It is wielding a +0 dagger.
Robin hits you with a +0 vampiric dagger.
Your white imp barely misses Robin.
Unknown command.
The goblin closely misses your white imp.
Robin flexes a bicep menacingly.
Robin throws the goblin at you!
Your white imp hits Robin.
Your white imp freezes Robin.
A goblin comes into view. It is wielding a +0 club.
Robin roars a battlecry!
The goblins go into a battle-frenzy!
Your white imp hits Robin but does no damage.
Unknown command.
You hit Robin.
Robin is heavily wounded.
The goblin hits you but does no damage. Robin misses you.
Your white imp closely misses Robin.
Unknown command.
You hit Robin but do no damage.
Robin is heavily wounded.
The goblin barely misses you. The goblin hits you with a +0 dagger.
Your white imp hits Robin.
Your white imp freezes Robin.
A hobgoblin comes into view.
The hobgoblin misses you.
Unknown command.
You hit Robin.
Robin is almost dead.
The goblin hits you with a +0 dagger.
* * * LOW HITPOINT WARNING * * *
The goblin barely misses you.
Robin says, "Feeling lonely?"
Your white imp hits Robin but does no damage.
The hobgoblin barely misses you. The goblin hits you with a +0 dagger.
* * * LOW HITPOINT WARNING * * *
You hit Robin.
You kill Robin!
The goblin closely misses you. The goblin hits you with a +0 dagger.
You die...

.# #.# #.# .
#################.##..
#.............##......
#.###########.#gg...#
#.# #.....g@g.g...
##.#######.#####g)5..##
....)......# ##>..##
.#.######### #..## .#.#
#.## #.# #)# #.# #.#
#.# # #.#


You could see 2 hobgoblins, 4 goblins and a friendly white imp (summoned).

Vanquished Creatures
  Robin (D:2)
  4 ball pythons
  2 endoplasms
  A giant cockroach (D:1)
  5 goblins
  4 hobgoblins
  2 jackals
  4 kobolds
  A quokka (D:2)
  A bat (D:1)
  A frilled lizard (D:1)
  3 rats
29 creatures vanquished.

Vanquished Creatures (collateral kills)
  A ball python (D:2)
  A goblin (D:1)
  2 hobgoblins (D:2)
  6 jackals
  A kobold (D:2)
11 creatures vanquished.

Grand Total: 40 creatures vanquished

Notes
Turn   | Place    | Note
-------+----------+-------------------------------------------
     0 | D:1      | Hasart the Kobold Summoner began the quest for the Orb.
     0 | D:1      | Reached XP level 1. HP: 10/10 MP: 3/3
   526 | D:1      | Reached XP level 2. HP: 4/15 MP: 1/5
   529 | D:1      | Learned a level 2 spell: Call Imp
  1027 | D:1      | Found Xaxesero's Magic Scroll Shop.
  1129 | D:1      | Found a faded altar of an unknown god.
  1369 | D:1      | Reached XP level 3. HP: 13/19 MP: 3/6
  2628 | D:2      | Noticed Robin
  3320 | D:2      | Killed Robin
  3320 | D:2      | Slain by a goblin

Illustrated notes

Levels and vault maps discovered:
D:1:      lightli_arrival_isolated_outpost, layout_basic,
          basic_ecumenical_altar, serial_shops, shop
D:2:      layout_loops_ring, uniq_robin

Skill      XL: |  1  2  3 |
---------------+----------+-----
Dodging        | 3 |  3.1
Fighting       | |  0.2
Stealth        | |  2.6
Spellcasting   | |  2.7
Summonings     | |  4.6

Action                   || total
-------------------------++-------
Melee: Unarmed           ||    31
       Short sword       ||    95
       Punch             ||     2
 Cast: Summon Small Mamm ||     6
       Call Imp          ||     9
 Stab: Distracted        ||     2
       Sleeping          ||    11
Armor: Robe              ||    20
Dodge: Dodged            ||   104

Table legend: (Time is in decaauts)
 A = Elapsed time spent in this place.
 B = Non-inter-level travel time spent in this place.
 C = Inter-level travel time spent in this place.
 D = Time resting spent in this place.
 E = Time spent auto-exploring this place.
 F = Levels seen in this place.
 G = Mean time per level.
                   A        B        C        D        E       F      G
               +--------+--------+--------+--------+--------+-----+--------+
         Total |   3337 |   3290 |     47 |    131 |   2767 |   2 | 1668.5 |
       Dungeon |   3337 |   3290 |     47 |    131 |   2767 |   2 | 1668.5 |
               +--------+--------+--------+--------+--------+-----+--------+

Top non-repeatable levels by time:
     D:1: 2273 daAuts
     D:2: 1064 daAuts
